 Dungeon Crawl Stone Soup version 0.31.0-32-g396128a36d (webtiles) character file.

Game seed: 15348544559146220069

12000 PaiMei the Merchant of Misery (level 11, -3/87 HPs)
             Began as a Demonspawn Necromancer on Mar 29, 2024.
             Was a Believer of Kikubaaqudgha.
             Succumbed to a black mamba's poison
             ... on level 1 of the Lair of Beasts on Mar 30, 2024.
             The game lasted 00:29:49 (19307 turns).

PaiMei the Merchant of Misery (DsNe)               Turns: 19307, Time: 00:29:50

Health: -3/87      AC: 10    Str:  9    XL:     11   Next: 56%
Magic:  3/23       EV: 16    Int: 20    God:    Kikubaaqudgha [**....]
Gold:   789        SH: 10    Dex: 17    Spells: 12/27 levels left

rFire   + + .        N - +2 dagger (drain)
rCold   . . .        u - +2 buckler
rNeg    . . .        V - +0 robe of Ipaocixt {rF++ Dex+4}
rPois   .            (helmet restricted)
rElec   .            I - +0 cloak
rCorr   .            J - +1 pair of gloves
SInv    .            j - +0 pair of boots
Will    .....        (no amulet)
Stlth   ++           k - ring of wizardry
HPRegen 0.34/turn    (no ring)
MPRegen 0.18/turn

%: wizardry (x1)
@: lethally poisoned (-3 -> -26), marked
A: horns 2, icemail 1, spiny 3, sturdy frame 1, condensation shield
a: Renounce Religion, Unearth Wretches


You were on level 1 of the Lair of Beasts.
You worshipped Kikubaaqudgha.
Kikubaaqudgha was pleased with you.
You visited 3 branches of the dungeon, and saw 13 of its levels.

You collected 789 gold pieces.

Inventory:

Hand Weapons
 M - a +3 morningstar
 N - a +2 dagger of draining (weapon)
 O - a +3 halberd of freezing
 P - a +2 falchion of freezing
 Q - a +2 whip of venom
Missiles
 t - 41 poisoned darts
 y - 2 throwing nets
 A - 5 darts of dispersal (quivered)
 F - 3 atropa-tipped darts
 T - a curare-tipped dart
Armour
 j - a +0 pair of boots (worn)
 u - a +2 buckler (worn)
 I - a +0 cloak (worn)
 J - a +1 pair of gloves (worn)
 V - the +0 robe of Ipaocixt (worn) {rF++ Dex+4}
   (You found it on level 10 of the Dungeon)

   Dex+4:     It affects your dexterity (+4).
   rF++:      It greatly protects you from fire.
Jewellery
 k - a ring of wizardry (left hand)
 v - a ring of flight
 E - a ring of resist corrosion
 H - a ring of fire
Wands
 w - a wand of iceblast (14)
 K - a wand of mindburst (6)
 S - a wand of paralysis (3)
Scrolls
 a - a scroll of silence
 e - 3 scrolls of fear
 g - 4 scrolls of enchant weapon
 h - 3 scrolls of teleportation
 l - 2 scrolls of noise
 m - a scroll of vulnerability {unknown}
 n - 2 scrolls of enchant armour
 o - 5 scrolls of revelation
 r - 3 scrolls of fog
 s - a scroll of blinking {unknown}
 C - a scroll of poison {unknown}
 L - a scroll of acquirement {unknown}
Potions
 b - 2 potions of magic
 c - a potion of enlightenment {unknown}
 d - 8 potions of curing {unknown}
 f - a potion of might {unknown}
 i - 2 potions of heal wounds
 p - a potion of haste {unknown}
 x - a potion of berserk rage {unknown}
 z - 2 potions of cancellation
 B - a potion of brilliance {unknown}
 D - 2 potions of ambrosia
 G - 2 potions of attraction {unknown}
 R - a potion of mutation {unknown}
 W - a potion of resistance {unknown}


   Skills:
 + Level 8.9 Fighting
 + Level 8.8 Dodging
 - Level 3.0 Stealth
 + Level 8.8 Spellcasting
 + Level 11.1 Necromancy


You had 12 spell levels left.
You knew the following spells:

 Your Spells              Type           Power      Damage    Failure   Level
a - Necrotise             Necr           100%       1d9       1%          1
b - Vampiric Draining     Necr           52%        2d9       1%          3
c - Animate Dead          Necr           52%        N/A       1%          4
d - Curse of Agony        Necr           52%        N/A       1%          5
e - Sublimation of Blood  Necr           52%        N/A       1%          2

Your spell library contained the following spells:

 Spells                   Type           Power      Damage    Failure   Level
 Kiss of Death            Conj/Necr      100%       2d13      1%          1
 Cigotuvi's Dreadful Rot  Necr/Alch/Air  46%        N/A       1%          2
 Fugue of the Fallen      Necr           52%        N/A       1%          3
 Apportation              Tloc           16%        N/A       4%          1
 Freeze                   Ice            32%        1d5       4%          1
 Call Imp                 Summ           16%        N/A       8%          2
 Jinxbite                 Hex            16%        N/A       8%          2
 Scorch                   Fire           16%        2d5       8%          2
 Frozen Ramparts          Ice            16%        1d3       16%         3
 Hailstorm                Conj/Ice       8%         3d5       16%         3
 Flame Wave               Conj/Fire      8%         2d5       43%         4
 Manifold Assault         Tloc           8%         N/A       43%         4
 Alistair's Intoxication  Alch           5%         N/A       77%         5
 Dispersal                Tloc           4%         N/A       99%         6
 Summon Cactus Giant      Summ           4%         N/A       99%         6
 Summon Hydra             Summ           4%         N/A       100%        7
 Disjunction              Tloc           4%         N/A       100%        8


Dungeon Overview and Level Annotations

Branches:
Dungeon (11/15)            Temple (1/1) D:5            Lair (1/5) D:11
    Orc (0/2) D:11

Altars:
Ashenzari
Cheibriados
Dithmenos
Fedhas
Gozag
Hepliaklqana
Kikubaaqudgha
Makhleb
Nemelex Xobeh
Okawaru
Qazlal
Ru
Sif Muna
Trog
Uskayaw
Vehumet
Wu Jian
Xom
Yredelemnul

Shops:
D:4 =   D:8 [

Annotations:
D:2 Sigmund
D:10 4 transporters
Lair:1 Gastronok


Innate Abilities, Weirdness & Mutations

You have a pair of horns on your head.
A meltable icy envelope protects you from harm. (AC +4)
You are completely covered in sharp spines.
Your movements are slightly less encumbered by armour. (ER -2)
A meltable shield of frost defends you. (SH +4)


Message History

Your yak zombie gores Gastronok!
A black mamba comes into view.
Gastronok's eyestalks quiver as he mumbles some strange words.
Gastronok puts on a burst of speed!
Your yak zombie gores Gastronok!
The river rat attacks as it pursues you!
You block the river rat's attack. The black mamba bites you!
You are poisoned.
The black mamba poisons you! The bullfrog is struck by your spines.
The bullfrog closely misses you.
Your yak zombie gores Gastronok.
The black mamba is struck by your spines.
The black mamba bites you.
You are lethally poisoned!
The black mamba poisons you!
Gastronok bites your yak zombie but does no damage.
You feel extremely sick. The bullfrog hits you.
You block the black mamba's attack.
Your yak zombie gores Gastronok!
You block the bullfrog's attack.
The water moccasin attacks as it pursues you!
The water moccasin barely misses you. The black mamba barely misses you.
* * * LOW HITPOINT WARNING * * *
You feel extremely sick. You block the black mamba's attack.
The black mamba completely misses you.
Casting: Vampiric Draining (safe; 1% risk of failure)
Confirm with . or Enter, or press ? or * to list all spells.
You don't have enough magic to cast this spell.
* * * LOW HITPOINT WARNING * * *
You feel extremely sick. The bullfrog attacks as it pursues you!
The bullfrog barely misses you.
The black mamba is struck by your spines.
The black mamba misses you.
Gastronok waves his eye-stalks in wide circles.
The air twists around and strikes you!
* * * LOW HITPOINT WARNING * * *
You block the bullfrog's attack.
Your yak zombie gores Gastronok!
Casting: Vampiric Draining (safe; 1% risk of failure)
Confirm with . or Enter, or press ? or * to list all spells.
You don't have enough magic to cast this spell.
You die...
Kikubaaqudgha rasps: "You have failed me!
Welcome... death!"

......... ##. .......... ..
.......~.. .. #........# .
#........#### .
............# #... .
...........###.... .
.......SF.#......... .
.#.....S#@#...?..... ..
#.......r#........... ..
#.........#.......... ..
..................... ...#
...........w......... ....#
............Z........#.....
..$........................
...........................
........................#.


You could see Gastronok (swift, distracted, ally target), a water moccasin, a
bullfrog and a friendly yak zombie.

Vanquished Creatures
  2 two-headed ogres (D:9)
  A boulder beetle (D:11)
  3 oklob plants (D:11)
  An ugly thing (D:11)
  A manticore (D:10)
  A torpor snail (Lair:1)
  A rime drake (Lair:1)
  A kobold demonologist (D:11)
  3 hornets
  10 yaks
  A wraith (D:9)
  A basilisk (D:11)
  2 shadows (D:11)
  A steam dragon (D:9)
  Grum (D:8)
  6 water moccasins
  An acid dragon (D:11)
  An orc warrior (D:10)
  A black bear (D:4)
  2 ice beasts (D:6)
  2 wolves (D:8)
  A centaur (D:10)
  3 ogres
  A phantom (D:6)
  2 kobold brigands
  3 bullfrogs
  5 scorpions
  2 gnoll sergeants (D:10)
  11 wights
  10 killer bees
  3 howler monkeys
  A bombardier beetle (D:3)
  3 hounds
  6 orc priests
  2 iguanas (D:6)
  A sleepcap (D:5)
  7 orc wizards
  11 adders
  13 gnolls
  3 shadow imps
  2 white imps
  2 dart slugs
  A ribbon worm (D:2)
  8 orcs
  8 endoplasms
  3 giant cockroaches
  5 hobgoblins
  10 jackals
  19 kobolds
  2 quokkas
  7 ball pythons
  6 bats
  3 frilled lizards (D:3)
  10 goblins
  4 rats
221 creatures vanquished.

Vanquished Creatures (collateral kills)
  A centaur (D:9)
  A wight (D:9)
  An endoplasm (D:1)
3 creatures vanquished.

Vanquished Creatures (others)
  5 dream sheep (D:5)
  A centaur zombie (D:9)
6 creatures vanquished.

Grand Total: 230 creatures vanquished

Notes
Turn   | Place    | Note
-------+----------+-------------------------------------------
     0 | D:1      | PaiMei the Demonspawn Necromancer began the quest for the
                  | Orb.
     0 | D:1      | Reached XP level 1. HP: 13/13 MP: 3/3
   313 | D:1      | Found a faded altar of an unknown god.
   357 | D:1      | Gained mutation: A meltable shield of frost defends you.
                  | (SH +4) [demonic ancestry]
   357 | D:1      | Reached XP level 2. HP: 19/19 MP: 1/5
  1316 | D:1      | Found a sacrificial altar of Ru.
  1348 | D:2      | Noticed Sigmund
  1404 | D:2      | Gained mutation: You are partially covered in sharp spines.
                  | [demonic ancestry]
  1404 | D:2      | Reached XP level 3. HP: 21/24 MP: 0/6
  1802 | D:2      | You fall into a shaft and drop 1 floor!
  1871 | D:3      | Gained mutation: You have a pair of small horns on your
                  | head. [demonic ancestry]
  1871 | D:3      | Reached XP level 4. HP: 30/30 MP: 3/7
  1970 | D:3      | Reached skill level 5 in Necromancy
  2937 | D:3      | Gained mutation: You are mostly covered in sharp spines.
                  | [demonic ancestry]
  2937 | D:3      | Reached XP level 5. HP: 35/35 MP: 4/9
  3276 | D:3      | Reached skill level 1 in Fighting
  3352 | D:3      | Learned a level 3 spell: Vampiric Draining
  3676 | D:4      | Found Usmow's Jewellery Boutique.
  3758 | D:4      | Reached XP level 6. HP: 42/43 MP: 2/11
  4330 | D:4      | Reached skill level 6 in Necromancy
  4330 | D:4      | Reached XP level 7. HP: 49/50 MP: 1/12
  4335 | D:4      | Learned a level 4 spell: Animate Dead
  4772 | D:5      | Entered Level 5 of the Dungeon
  5095 | D:5      | Noticed a dream sheep
  5095 | D:5      | Noticed a dream sheep
  5095 | D:5      | Noticed a dream sheep
  5095 | D:5      | Noticed a dream sheep
  5095 | D:5      | Noticed a dream sheep
  5095 | D:5      | Found a shimmering altar of Xom.
  5098 | D:5      | Killed a dream sheep
  5098 | D:5      | Killed a dream sheep
  5098 | D:5      | Killed a dream sheep
  5098 | D:5      | Killed a dream sheep
  5098 | D:5      | Killed a dream sheep
  5285 | D:5      | Found a shadowy altar of Dithmenos.
  5313 | D:5      | Found an ornate altar of the Wu Jian Council.
  5325 | D:5      | Found a bloodstained altar of Trog.
  5802 | D:5      | Found a staircase to the Ecumenical Temple.
  6088 | D:5      | Found a broken altar of Ashenzari.
  6097 | Temple   | Found a transporter.
  6097 | Temple   | Found a transporter.
  6097 | Temple   | Found a transporter.
  6097 | Temple   | Found a transporter.
  6097 | Temple   | Entered the Ecumenical Temple
  6115 | Temple   | Became a worshipper of Kikubaaqudgha
  6669 | D:6      | Gained mutation: Your movements are slightly less
                  | encumbered by armour. (ER -2) [demonic ancestry]
  6669 | D:6      | Reached XP level 8. HP: 59/59 MP: 4/14
  7006 | D:6      | Reached skill level 7 in Necromancy
  7095 | D:6      | Reached skill level 5 in Spellcasting
  7142 | D:6      | Reached skill level 5 in Dodging
  8070 | D:7      | Reached skill level 5 in Fighting
  8273 | D:7      | Reached * piety under Kikubaaqudgha
  8273 | D:7      | Received a gift from Kikubaaqudgha
  8274 | D:7      | Gained mutation: You have a pair of horns on your head.
                  | [demonic ancestry]
  8274 | D:7      | Reached XP level 9. HP: 68/68 MP: 7/17
  8448 | D:7      | Found a radiant altar of Vehumet.
  8616 | D:8      | Found Vairch's Armour Shop.
  8998 | D:8      | Reached skill level 8 in Necromancy
 10513 | D:9      | Noticed Grum
 10682 | D:8      | Killed Grum
 11235 | D:9      | Reached skill level 9 in Necromancy
 11377 | D:9      | Found a hazy altar of Hepliaklqana.
 11669 | D:9      | Gained mutation: You are completely covered in sharp
                  | spines. [demonic ancestry]
 11669 | D:9      | Reached XP level 10. HP: 63/77 MP: 3/20
 12092 | D:9      | Noticed a two-headed ogre
 12102 | D:9      | Paralysed by a hornet for 3 turns
 12113 | D:9      | Killed a two-headed ogre
 12655 | D:9      | Noticed a two-headed ogre
 12662 | D:9      | Killed a two-headed ogre
 12662 | D:9      | Reached ** piety under Kikubaaqudgha
 12878 | D:10     | Entered Level 10 of the Dungeon
 13018 | D:10     | Found a transporter.
 13052 | D:10     | Reached skill level 10 in Necromancy
 13272 | D:10     | Identified the +0 robe of Ipaocixt {rF++ Dex+4}
 13345 | D:10     | Found a transporter.
 13866 | D:10     | Found a transporter.
 14398 | D:10     | Found a transporter.
 14577 | D:11     | Noticed a manticore
 14585 | D:10     | Killed a manticore
 14862 | D:11     | Gained mutation: A meltable icy envelope protects you from
                  | harm. (AC +4) [demonic ancestry]
 14862 | D:11     | Reached XP level 11. HP: 72/86 MP: 17/23
 14918 | D:11     | Found a staircase to the Orcish Mines.
 15054 | D:11     | Found a staircase to the Lair.
 15055 | D:11     | Noticed an oklob plant
 15060 | D:11     | Noticed an oklob plant
 15207 | D:11     | Learned a level 5 spell: Curse of Agony
 15210 | D:11     | Learned a level 2 spell: Sublimation of Blood
 15379 | D:11     | Noticed a green ugly thing
 15388 | D:11     | Killed a green ugly thing
 15506 | D:11     | Noticed a boulder beetle
 15552 | D:11     | Found a shimmering blue altar of Sif Muna.
 15698 | D:11     | Killed a boulder beetle
 16030 | D:11     | Noticed an oklob plant
 16969 | D:11     | HP: 1/87 [oklob plant/splash of acid (26)]
 17739 | D:11     | Killed an oklob plant
 17882 | D:11     | Killed an oklob plant
 18324 | D:11     | Killed an oklob plant
 18325 | D:11     | Reached skill level 11 in Necromancy
 18549 | Lair:1   | Entered Level 1 of the Lair of Beasts
 18681 | Lair:1   | Noticed Gastronok
 19306 | Lair:1   | HP: 1/87 [Gastronok/the air (10)]
 19307 | Lair:1   | Succumbed to a black mamba's poison

Illustrated notes

Levels and vault maps discovered:
D:1:      dpeg_arrival_water_altar, layout_basic, basic_ecumenical_altar,
          minmay_3d_cube
D:2:      layout_basic, serial_glass, glass_columns_c, glass_columns_a,
          st_stairs_14, uniq_sigmund
D:3:      layout_loops_ring
D:4:      minmay_chambers_of_twos, layout_loops_ring, serial_shops,
          nicolae_inconvenience_store, chequers_serial_rivers_room_a,
          kennysheep_doodads
D:5:      layout_layer_cave, nicolae_overflow_quartered_altars,
          general_overflow_altar, kb_xom_exploding_sheep,
          mainiacjoe_overflow_alcove_1, minmay_temple_entry_tees,
          nicolae_elevator_lobby_plus
D:6:      layout_loops_ring, serial_bayou_ford_a
D:7:      layout_rooms, kennysheep_mini
D:8:      layout_cave_pools, serial_shops, nicolae_stop_n_shop_1
D:9:      minmay_general_purpose_star, layout_long_grid,
          nicolae_hepliaklqana_hazy_memory, uniq_grum
D:10:     layout_layer_cave, hangedman_abyss_or_decor_passed,
          nicolae_transporter_intersection
D:11:     layout_basic, dpeg_oklobed_lair, orc_0_dummy, nrook_mini_vaults,
          led_sif_book
Temple:   hellmonk_temple_divided_pantheon
Lair:1:   layout_hall_layers, chequers_serial_rivers_micro_b,
          chequers_serial_rivers_micro_c, wad_woods_03, uniq_nergalle,
          uniq_gastronok, uniq_urug

Skill      XL: |  1  2  3  4  5  6  7  8  9 10 11 |
---------------+----------------------------------+-----
Stealth        | 2 3 |  3.0
Dodging        | 2 3 4 5 6 8 |  8.8
Necromancy     | 5 6 7 9 10 11 | 11.1
Spellcasting   | 3 4 5 6 8 |  8.8
Fighting       | 1 2 3 5 6 8 |  8.9

Action                     |  1- 3 |  4- 6 |  7- 9 | 10-12 || total
---------------------------+-------+-------+-------+-------++-------
  Melee: Unarmed           |    11 |       |       |       ||    11
         Dagger            |       |    10 |   123 |   101 ||   234
         Headbutt          |       |     2 |    24 |    25 ||    51
         Morningstar       |       |       |     9 |       ||     9
   Cast: Necrotise         |    68 |   100 |    89 |    94 ||   351
         Vampiric Draining |       |     4 |    60 |    97 ||   161
         Animate Dead      |       |       |       |     3 ||     3
         Curse of Agony    |       |       |       |     8 ||     8
    Use: Scroll            |       |       |       |    11 ||    11
   Stab: Sleeping          |       |       |     2 |       ||     2
 Armour: Robe              |    14 |    17 |    73 |    51 ||   155
         Animal skin       |       |       |    23 |    42 ||    65
  Dodge: Dodged            |    19 |    15 |    79 |    76 ||   189
  Block: Other             |     3 |     2 |       |       ||     5
         Buckler           |       |    22 |   100 |    96 ||   218
